 Dungeon Crawl Stone Soup version 0.27.1-1-g398f81649c (webtiles) character file.

Game seed: 12105765971899783112

1183 pokedragonboy the Changer (level 8, 0/96 HPs)
             Began as a Naga Transmuter on Sept 14, 2021.
             Splashed by a jelly's acid (8 damage)
             ... on level 6 of the Dungeon on Sept 15, 2021.
             The game lasted 00:20:46 (7605 turns).

pokedragonboy the Changer (Naga Transmuter)         Turns: 7605, Time: 00:20:48

Health: 0/96       AC: -14   Str: 13    XL:     8   Next: 42%
Magic:  24/24      EV: 19    Int: 15    God:
Gold:   219        SH:  0    Dex: 17    Spells: 7/17 levels left

rFire    . . .     SeeInvis +     - Unarmed
rCold    . . .     Faith    .   (shield currently unavailable)
rNeg     . . .     Spirit   .   (armour currently unavailable)
rPois    x         Reflect  .   (helmet currently unavailable)
rElec    .         Harm     .   (cloak currently unavailable)
rCorr    .         Rampage  .   (gloves currently unavailable)
Will     +....                  (no barding)
Stlth    ..........             (no amulet)
HPRegen  0.26/turn              m - ring of magical power
MPRegen  0.19/turn              (no ring)

@: berserking, spider-form, corroded, very quick
A: venomous fangs, AC +2, tiny, see invisible, (deformed body), (poison
resistance), (slowness 2), spit poison 1, (naga tail 1)
a: Spit Poison, End Transformation


You were on level 6 of the Dungeon.
You were a venomous arachnid creature.
You visited 1 branch of the dungeon, and saw 6 of its levels.

You collected 219 gold pieces.

Inventory:

Hand Weapons
 b - a +0 spear (melded)
 c - a +0 dagger
 l - a +1 mace of protection
Missiles
 n - 2 javelins
 p - 2 boomerangs of dispersal
Armour
 a - a +0 robe (melded)
 j - a +2 cloak (melded)
 A - a +0 pair of gloves (melded)
Jewellery
 m - a ring of magical power (left front leg)
Wands
 x - a wand of polymorph (9)
Scrolls
 f - a scroll of blinking {unknown}
 g - a scroll of magic mapping {unknown}
 i - 2 scrolls of fog
 r - a scroll of enchant weapon {unknown}
 s - a scroll of teleportation
 v - a scroll of fear {unknown}
 y - a scroll of acquirement {unknown}
Potions
 d - 3 potions of attraction
 e - a potion of cancellation
 h - a potion of lignification
 q - a potion of heal wounds {unknown}
 t - a potion of mutation {unknown}
 u - a potion of curing {unknown}
 w - 2 potions of flight
 z - 2 potions of brilliance
 B - a potion of invisibility {unknown}


   Skills:
 + Level 1.3 Fighting
 - Level 1.5 Dodging
 + Level 5.4 Unarmed Combat
 + Level 5.0 Spellcasting
 * Level 6.7 Transmutations
 - Level 3.0 Poison Magic


You had 7 spell levels left.
You knew the following spells:

 Your Spells              Type           Power      Damage    Failure   Level
a - Beastly Appendage     Tmut           46%        N/A       5%          1
b - Wereblood             Tmut           23%        N/A       7%          2
c - Spider Form           Tmut/Pois      9%         N/A       19%         3
d - Ice Form              Ice/Tmut       13%        N/A       61%         4

Your spell library contained the following spells:

 Spells                   Type           Power      Damage    Failure   Level
 Stone Arrow              Conj/Erth      6%         3d7       65%         3
 Bolt of Magma            Conj/Fire/Erth 1%         4d4       100%        5
 Shatter                  Erth           1%         3d6*      100%        9


Dungeon Overview and Level Annotations

Branches:
Dungeon (6/15)
 Temple: D:4-7

Altars:
Dithmenos
Elyvilon
Okawaru

Shops:
D:2 [   D:4 =

Annotations:
D:5 1 runed translucent door, qqq123's ghost, novice GrFi


Innate Abilities, Weirdness & Mutations

You are a venomous arachnid creature.
You have poisonous fangs.
You are tiny and dextrous.
Your spellcasting is less reliable in this form.
Your armour is entirely melded.
You are incapable of wielding weapons or throwing items.
((Your serpentine skin is tough. (AC +2)))
You have supernaturally acute eyesight. (SInv)
((Armour fits poorly on your strangely shaped body.))
((Your system is resistant to poisons. (rPois)))
((You cover ground very slowly.))
You can spit poison.
((You have a snake-like lower body.))


Message History

The acid corrodes you!
You are splashed with acid!
You completely miss the orc wizard. The orc wizard completely misses you.
The jelly completely misses you. The jelly closely misses you.
You hit the orc wizard but do no damage.
The orc wizard gestures wildly while chanting.
The orc wizard flickers and vanishes for a moment.
You hit the orc wizard but do no damage.
The orc wizard is poisoned.
The jelly misses you.
The orc wizard hits you with a +0 dagger.
You hit the orc wizard.
The orc wizard looks as sick as possible!
The orc wizard is heavily wounded.
The jelly closely misses you. The orc wizard closely misses you.
You hit the orc wizard but do no damage.
The orc wizard looks as sick as possible!
The orc wizard is almost dead.
The jelly misses you. The orc wizard misses you.
You bite the jelly!
Your front legs burn!
The jelly is severely wounded.
You kill the orc wizard!
The jelly closely misses you.
Your Spellcasting skill increases to level 5!
You hit the jelly.
The jelly is poisoned.
The acid corrodes you!
Your front legs burn!
* * * LOW HITPOINT WARNING * * *
The jelly is severely wounded.
The jelly hits you.
* * * LOW HITPOINT WARNING * * *
The acid corrodes you!
You are splashed with acid!
* * * LOW HITPOINT WARNING * * *
Okay, then.
It was a potion of berserk rage.
A red film seems to cover your vision as you go berserk!
You feel yourself moving faster!
You feel mighty!
You hear the brisk hiss of an avalanche of sand very nearby.
The jelly hits you.
* * * LOW HITPOINT WARNING * * *
You are splashed with acid!
You die...

#.##.#.##.#..#.#
#
......#.##.#.†#.#
#..........#..#.#
##............#.#
......#.......#.#
.!..............#
#....#.##.######
#ZJ)).........
#o#s##.####### #
#........
......###
.#........
#.#.......# #
#######.# ..


You could see a jelly (very poisoned) and a goblin zombie.

Vanquished Creatures
  Edmund (D:5)
  An ice beast (D:5)
  2 black bears
  2 ogres
  3 scorpions
  2 hounds
  4 iguanas
  An orc wizard (D:6)
  A howler monkey skeleton (D:5)
  7 gnolls
  5 adders
  A shadow imp (D:5)
  A white imp (D:5)
  An ufetubus (D:5)
  An adder skeleton (D:5)
  A worm (D:3)
  2 dart slugs (D:1)
  12 orcs
  5 bats
  4 endoplasms (D:2)
  11 giant cockroaches
  8 goblins
  3 hobgoblins
  5 jackals
  5 quokkas
  4 ball pythons (D:4)
  7 frilled lizards
  6 kobolds
  4 rats
110 creatures vanquished.

Vanquished Creatures (others)
  14 plants (D:3)
14 creatures vanquished.

Grand Total: 124 creatures vanquished

Notes
Turn   | Place    | Note
-------+----------+-------------------------------------------
     0 | D:1      | pokedragonboy the Naga Transmuter began the quest for the
                  | Orb.
     0 | D:1      | Reached XP level 1. HP: 18/18 MP: 3/3
   618 | D:1      | Reached XP level 2. HP: 20/25 MP: 3/5
   754 | D:1      | Reached skill level 3 in Transmutations
   874 | D:1      | Found a faded altar of an unknown god.
  1833 | D:2      | Learned a level 2 spell: Wereblood
  1864 | D:2      | Reached XP level 3. HP: 24/31 MP: 4/6
  2260 | D:2      | Found Salekei's Antique Armour Boutique.
  2512 | D:2      | Learned a level 3 spell: Spider Form
  2874 | D:3      | Found an iron altar of Okawaru.
  2888 | D:3      | Reached XP level 4. HP: 38/38 MP: 7/7
  2954 | D:3      | Reached skill level 4 in Transmutations
  3444 | D:3      | Found a white marble altar of Elyvilon.
  3895 | D:4      | Noticed an ogre
  3914 | D:3      | Reached skill level 1 in Poison Magic
  3914 | D:3      | Reached XP level 5. HP: 38/44 MP: 9/9
  4017 | D:4      | Found a shadowy altar of Dithmenos.
  4184 | D:4      | Found Ibbewkelleqo's Jewellery Shop.
  4479 | D:4      | Reached XP level 6. HP: 43/51 MP: 10/10
  4545 | D:4      | Reached skill level 5 in Transmutations
  5242 | D:5      | Entered Level 5 of the Dungeon
  5582 | D:5      | Reached XP level 7. HP: 51/57 MP: 12/12
  6202 | D:5      | Noticed Edmund
  6406 | D:5      | Noticed qqq123's ghost (novice GrFi)
  6407 | D:5      | Found a runed translucent door.
  6441 | D:5      | Reached skill level 6 in Transmutations
  6834 | D:5      | Reached XP level 8. HP: 46/64 MP: 14/14
  6960 | D:5      | Reached skill level 5 in Unarmed Combat
  7258 | D:5      | Killed Edmund
  7339 | D:5      | Learned a level 4 spell: Ice Form
  7604 | D:6      | Reached skill level 5 in Spellcasting
  7605 | D:6      | Splashed by a jelly's acid

Illustrated notes

Levels and vault maps discovered:
D:1:      dpeg_arrival_tiny_k, layout_loops_ring,
          shapermc_ecumenical_altar_ellora
D:2:      layout_basic, serial_shops, shop
D:3:      minmay_roachtagon, layout_basic, nicolae_elyvilon_temple_path,
          kennysheep_okawaru_gauntlet
D:4:      layout_gridville, nicolae_dithmenos_through_a_glass_darkly,
          serial_shops, shop, kennysheep_generic_room_11
D:5:      layout_gridville, hellmonk_ghost_happy_afterlife, minmay_crystal_room,
          uniq_edmund
D:6:      layout_basic, nicolae_ossuary_entry_giza, serial_shops,
          nicolae_shop_behind_doors, nicolae_shop_overcharged_wands

Skill      XL: |  1  2  3  4  5  6  7  8 |
---------------+-------------------------+-----
Transmutations | 3 4 5 6 |  6.7
Poison Magic   | 1 2 3 |  3.0
Spellcasting   | 3 4 5 |  5.0
Unarmed Combat | 4 5 |  5.4
Fighting       | |  1.3
Dodging        | |  1.5

Action                   |  1- 3 |  4- 6 |  7- 9 || total
-------------------------+-------+-------+-------++-------
Melee: Dagger            |    92 |       |       ||    92
       Unarmed           |     7 |     9 |    87 ||   103
       Headbutt          |    14 |    13 |     6 ||    33
       Spear             |    24 |   155 |    30 ||   209
       Punch             |     2 |     1 |     1 ||     4
 Cast: Beastly Appendage |    30 |    33 |     7 ||    70
       Wereblood         |       |     4 |       ||     4
       Spider Form       |       |     2 |    11 ||    13
 Abil: Spit Poison       |    25 |    37 |     9 ||    71
  Use: Scroll            |     4 |     1 |     4 ||     9
       Potion            |       |     2 |     1 ||     3
 Stab: Sleeping          |       |     1 |       ||     1
Armor: Robe              |    67 |    84 |    10 ||   161
       Skin              |       |       |     7 ||     7
Dodge: Dodged            |    73 |   119 |   114 ||   306
